 Dungeon Crawl Stone Soup version 0.20.0-15-g7f486f2 (webtiles) character file.

109 Merkmirnix the Sneak (level 4, -11/29 HPs)
             Began as an Octopode Assassin on July 1, 2017.
             Killed by nerve-wracking pain
             ... invoked by an orc priest
              (14 damage)
             ... on level 3 of the Dungeon.
             The game lasted 00:12:30 (2649 turns).

Merkmirnix the Sneak (Octopode Assassin)            Turns: 2649, Time: 00:12:30

Health: -11/29     AC:  1    Str: 10    XL:     4   Next: 89%
Magic:  4/4        EV: 13    Int: 13    God:
Gold:   129        SH:  0    Dex: 14    Spells: 3/3 levels left

rFire    . . .     SeeInvis .   a - +2 dagger
rCold    . . .     Gourm    .   (no shield)
rNeg     . . .     Faith    .   (helmet restricted)
rPois    .         Spirit   .   (no amulet)
rElec    .         Reflect  .   j - ring of stealth
rCorr    .         Harm     .   q - ring of loudness (curse)
MR       .....                  (no ring)
Stlth    ++++......             (no ring)
Regen    0.1/turn               (no ring)
MPRegen  0.1/turn               (no ring)
                                (no ring)
                                (no ring)

@: no status effects
A: almost no armour, stealthy swim, amphibious, 8 rings, constrict 8, camouflage
1, gelatinous body 1
a: no special abilities


You were on level 3 of the Dungeon.
You were not hungry.

You visited 1 branch of the dungeon, and saw 3 of its levels.

You collected 129 gold pieces.

Inventory:

Hand Weapons
 a - a +2 dagger (weapon)
 b - a +0 blowgun
Missiles
 c - 8 poisoned needles
 d - 2 curare-tipped needles
Jewellery
 j - a ring of stealth (left tentacle)
 q - a cursed ring of loudness (right tentacle)
Scrolls
 e - a scroll of identify {unknown}
 h - 4 scrolls of remove curse {unknown}
 k - 2 scrolls of fear {unknown}
Potions
 m - 2 potions of agility {unknown}
 p - a potion of flight {unknown}
Books
 g - a book of Changes

   Spells                             Type                      Level
   a - Beastly Appendage              Transmutation                1
   b - Sticks to Snakes               Transmutation                2
   c - Spider Form                    Transmutation/Poison         3
   d - Ice Form                       Ice/Transmutation            4
   e - Blade Hands                    Transmutation                5
Comestibles
 f - 3 bread rations
 i - 2 meat rations
 n - a royal jelly


   Skills:
 + Level 2.2 Fighting
 + Level 3.2 Short Blades
 + Level 2.0 Throwing
 + Level 1.5 Dodging
 + Level 7.1 Stealth


You had 3 spell levels left.
You didn't know any spells.

Dungeon Overview and Level Annotations

Branches:
Dungeon (3/15)

Altars:
Cheibriados
Vehumet

Annotations:
D:2 Sigmund


Innate Abilities, Weirdness & Mutations

You cannot wear most types of armour.
You are very stealthy in the water. (Stealth+)
You are amphibious.
You can wear up to eight rings at the same time.
You can use your tentacles to constrict eight enemies at once.
Your skin changes colour to match your surroundings (Stealth+).
Your rubbery body absorbs attacks. (AC +1, EV +1)


Message History

You hit the orc but do no damage. You grab the orc.
You constrict the orc, but do no damage.
The orc misses you.
You hit the orc.
The orc is severely wounded.
You constrict the orc. The orc closely misses you.
You hit the orc but do no damage. You squeeze the orc, but do no damage.
The orc is almost dead.
You constrict the orc, but do no damage.
The orc closely misses you.
You hit the orc.
You kill the orc!
The orc priest calls down the wrath of Beogh upon you.
Beogh smites you!
The orc priest calls down the wrath of Beogh upon you.
Pain shoots through your body!
* * * LOW HITPOINT WARNING * * *
The orc priest calls down the wrath of Beogh upon you.
Pain shoots through your body!
You die...

.#.###..##.#............#.# ##..
........##.#.$.###........#####.#
###.###.##.#......<...#<.........
###+###.##........)...#.#.#####.#
....................#.#.#........
......#.###......o....#.#######..
......#.# #...o###)...#.#######.#
#######.###......................
# ####.........@.........#......
#....####.#...................
#....# #.#####.....##.#......
#....# #.# ####.....#......
#....####'########.)...#......
####...............##.###########
...................##.#####.#####
####...............#.............
# #......................#..####


You could see an orc priest.

Vanquished Creatures
  2 adders
  An ooze (D:1)
  3 worms
  A dart slug (D:2)
  2 leopard geckos
  3 orcs (D:3)
  A ball python (D:3)
  6 bats
  3 giant cockroaches
  12 goblins
  7 hobgoblins
  3 jackals (D:3)
  6 kobolds
  9 frilled lizards
  10 rats
69 creatures vanquished.

Notes
Turn   | Place    | Note
-------+----------+-------------------------------------------
     0 | D:1      | Merkmirnix the Octopode Assassin began the quest for the Orb.
     0 | D:1      | Reached XP level 1. HP: 14/14 MP: 1/1
    83 | D:1      | Reached XP level 2. HP: 13/19 MP: 2/2
   266 | D:1      | Reached skill level 6 in Stealth
   387 | D:1      | Reached XP level 3. HP: 22/24 MP: 3/3
   758 | D:2      | Noticed Sigmund
  1078 | D:2      | Found a radiant altar of Vehumet.
  1133 | D:2      | Found a faded altar of an unknown god.
  1161 | D:2      | Reached XP level 4. HP: 29/29 MP: 4/4
  2217 | D:3      | Found a snail-covered altar of Cheibriados.
  2226 | D:3      | Reached skill level 7 in Stealth
  2649 | D:3      | Killed from afar by an orc priest

Skill      XL: |  1  2  3  4 |
---------------+-------------+-----
Stealth        | 6 7 |  7.1
Short Blades   | 3 |  3.2
Fighting       | |  2.2
Throwing       | |  2.0
Dodging        | |  1.5

Action                   |  1- 3 |  4- 6 || total
-------------------------+-------+-------++-------
Melee: Dagger            |    67 |    61 ||   128
       Constrict         |    18 |    16 ||    34
       Tentacles         |     5 |    13 ||    18
  Use: Potion            |     1 |       ||     1
 Stab: Sleeping          |    14 |    10 ||    24
  Eat: Chunk             |       |     5 ||     5
Armor: Skin              |     5 |     4 ||     9
Dodge: Dodged            |    40 |    27 ||    67
